 Dungeon Crawl Stone Soup version 0.20.1-1-g8b1a95d (webtiles) character file.

130 letownia2 the Grave Robber (level 4, -1/32 HPs)
             Began as a Deep Dwarf Necromancer on Nov 1, 2017.
             Slain by Purgy (5 damage)
             ... on level 4 of the Dungeon.
             The game lasted 00:03:58 (968 turns).

letownia2 the Grave Robber (Deep Dwarf Necromancer)  Turns: 968, Time: 00:03:59

Health: -1/32      AC:  3    Str: 12    XL:     4   Next: 90%
Magic:  1/7        EV: 12    Int: 18    God:
Gold:   82         SH:  4    Dex: 18    Spells: 3/7 levels left

rFire    . . .     SeeInvis .   a - +0 hand axe
rCold    . . .     Gourm    .   (no shield)
rNeg     . . .     Faith    +   p - +0 leather armour
rPois    .         Spirit   .   (no helmet)
rElec    .         Reflect  .   (no cloak)
rCorr    .         Harm     .   (no gloves)
MR       .....                  (no boots)
Stlth    ++........             o - amulet of faith
Regen    0.0/turn               n - +5 ring of dexterity
MPRegen  0.1/turn               (no ring)

@: non-regenerating
A: damage resistance, heal wounds, large bone plates 1, clever 1, frail 1, sense
surroundings 1, no regeneration
a: Heal Wounds


You were on level 4 of the Dungeon.
You were not hungry.

You visited 1 branch of the dungeon, and saw 4 of its levels.

You collected 82 gold pieces.

Inventory:

Hand Weapons
 a - a +0 hand axe (weapon)
 b - a +0 flail of holy wrath
Missiles
 q - a tomahawk (quivered)
Armour
 d - a +0 chain mail
 k - a +0 robe
 p - a +0 leather armour (worn)
Jewellery
 n - a +5 ring of dexterity (left hand)
 o - an amulet of faith (around neck)
Scrolls
 g - a scroll of remove curse {unknown}
 j - a scroll of teleportation {unknown}
 r - a scroll of magic mapping {unknown}
Potions
 m - a potion of curing
Books
 s - a book of Necromancy

   Spells                             Type                      Level
   a - Pain                           Necromancy                   1
   b - Animate Skeleton               Necromancy                   1
   c - Vampiric Draining              Necromancy                   3
   d - Regeneration                   Charms/Necromancy            3
   e - Animate Dead                   Necromancy                   4
   f - Control Undead                 Necromancy                   4
Comestibles
 c - a bread ration
 h - a meat ration
 i - a chunk of flesh


   Skills:
 - Level 2.1 Dodging
 - Level 2.4 Stealth
 - Level 2.2 Spellcasting
 + Level 6.6 Necromancy


You had 3 spell levels left.
You knew the following spells:

 Your Spells              Type           Power        Failure   Level  Hunger
a - Pain                  Necr           ####         1%          1    #......
v - Vampiric Draining     Necr           ####......   4%          3    ###....


Dungeon Overview and Level Annotations

Branches:
Dungeon (4/15)
 Temple: D:4-7

Altars:
Dithmenos
Fedhas
Makhleb

Annotations:
D:2 exclusion: crimson imp
D:4 Purgy


Innate Abilities, Weirdness & Mutations

You are resistant to damage.
You can heal yourself by infusing magical energy.
You passively map a small area around you.
You do not regenerate.
You are partially covered in large bone plates. (SH +4)
Your mind is acute. (Int +2)
You are frail. (-10% HP)


Message History

You hit Purgy.
Purgy is heavily wounded.
Purgy barely misses you. You block Purgy's attack. Purgy claws you.
* * * LOW HITPOINT WARNING * * *
Unknown command.
It was a potion of cancellation.
Your magical effects are unravelling.
You feel magically purged.
You feel a little less agile now. Purgy closely misses you.
Purgy claws you but does no damage. Purgy barely misses you.
You hit Purgy.
Purgy is severely wounded.
Purgy closely misses you. Purgy barely misses you.
Purgy claws you but does no damage. You block Purgy's attack.
Purgy claws you but does no damage. Purgy barely misses you.
You barely miss Purgy.
Purgy is heavily wounded.
Purgy bites you.
You die...

### , * * , .(#, ,
* * ..# * * ** #T#
* * #.# * *.# *
#.#### #.# #,
#.##.# #.#
#.####†##.# #.#
#......T@.# #.#
######.#### #!#
#### , , * #.#
#####.# #).. * #.#
#.....# #.##
#.######.###.# #.#
**,** #..).....#
#.####.# * *
##.#####.###......#
, #.# #.....######
#.# #######


You could see Purgy.

Vanquished Creatures
  A howler monkey (D:4)
  2 orc wizards
  2 adders
  A leopard gecko (D:2)
  An orc (D:4)
  A bat (D:1)
  A giant cockroach (D:2)
  2 goblins (D:2)
  4 hobgoblins
  A kobold (D:1)
  A ball python (D:1)
  2 frilled lizards
  A rat (D:1)
20 creatures vanquished.

Notes
Turn   | Place    | Note
-------+----------+-------------------------------------------
     0 | D:1      | letownia2 the Deep Dwarf Necromancer began the quest for the Orb.
     0 | D:1      | Reached XP level 1. HP: 15/15 MP: 3/3
   274 | D:1      | Reached XP level 2. HP: 20/22 MP: 0/5
   434 | D:2      | Found a burning altar of Makhleb.
   434 | D:2      | Noticed a crimson imp
   596 | D:3      | Reached skill level 5 in Necromancy
   660 | D:3      | Reached XP level 3. HP: 10/28 MP: 0/6
   668 | D:3      | Learned a level 3 spell: Vampiric Draining
   697 | D:3      | Found a shadowy altar of Dithmenos.
   697 | D:3      | Found a blossoming altar of Fedhas.
   779 | D:4      | Reached skill level 6 in Necromancy
   779 | D:4      | Reached XP level 4. HP: 13/36 MP: 0/7
   878 | D:4      | Noticed Purgy
   963 | D:4      | Gained mutation: You are frail. (-10% HP) [potion of mutation]
   963 | D:4      | Gained mutation: You are partially covered in large bone plates. (SH +4) [potion of mutation]
   963 | D:4      | Gained mutation: Your mind is acute. (Int +2) [potion of mutation]
   968 | D:4      | Slain by Purgy

Skill      XL: |  1  2  3 |
---------------+----------+-----
Spellcasting   | 2 |  2.2
Necromancy     | 5 6 |  6.6
Dodging        | |  2.1
Stealth        | |  2.4

Action                   |  1- 3 |  4- 6 || total
-------------------------+-------+-------++-------
Melee: Hand axe          |     4 |    11 ||    15
Throw: Tomahawk          |       |     1 ||     1
 Cast: Pain              |    36 |     7 ||    43
       Vampiric Draining |     2 |     3 ||     5
  Use: Potion            |       |     4 ||     4
  Eat: Chunk             |       |     1 ||     1
Armor: Robe              |     4 |       ||     4
       Leather armour    |     1 |    19 ||    20
Dodge: Dodged            |     6 |    28 ||    34
Block: Other             |       |     2 ||     2
